 Dungeon Crawl Stone Soup version 0.20.1-1-g8b1a95d (webtiles) character file.

55 Agnarh the Ruffian (level 3, -2/32 HPs)
             Began as a Naga Transmuter on Sept 6, 2017.
             Killed by divine providence
             ... invoked by an orc priest
              (12 damage)
             ... on level 3 of the Dungeon.
             The game lasted 00:10:29 (2474 turns).

Agnarh the Ruffian (Naga Transmuter)                Turns: 2474, Time: 00:10:30

Health: -2/32      AC:  5    Str: 13    XL:     3   Next: 93%
Magic:  3/6        EV: 19    Int: 13    God:
Gold:   159        SH:  0    Dex: 16    Spells: 0/6 levels left

rFire    . . .     SeeInvis +     - Unarmed
rCold    . . .     Gourm    .   (shield currently unavailable)
rNeg     . . .     Faith    .   (armour currently unavailable)
rPois    x         Spirit   .   (helmet currently unavailable)
rElec    .         Reflect  .   (cloak currently unavailable)
rCorr    .         Harm     .   (gloves currently unavailable)
MR       .....                  (no barding)
Stlth    ++........             (no amulet)
Regen    0.1/turn               o - ring of stealth
MPRegen  0.1/turn               q - +3 ring of protection

@: spider-form (expiring)
A: see invisible, slow metabolism 1, spit poison 1, AC +1
a: Spit Poison, End Transformation


You were on level 3 of the Dungeon.
You were not hungry.
You were a venomous arachnid creature.
You visited 1 branch of the dungeon, and saw 3 of its levels.

You collected 159 gold pieces.

Inventory:

Missiles
 a - 36 arrows
Armour
 b - a +0 robe (melded)
 e - a +0 pair of gloves (melded)
 n - a +1 helmet
Jewellery
 o - a ring of stealth (left front leg)
 q - a +3 ring of protection (right front leg)
Scrolls
 g - 2 scrolls of remove curse
 j - 3 scrolls of identify
Potions
 f - a potion of heal wounds {unknown}
 i - a potion of cancellation {unknown}
 k - a potion of magic {unknown}
 l - 2 potions of ambrosia {unknown}
 m - a potion of agility {unknown}
 r - a potion of curing {unknown}
Books
 c - a book of Changes

   Spells                             Type                      Level
   a - Beastly Appendage              Transmutation                1
   b - Sticks to Snakes               Transmutation                2
   c - Spider Form                    Transmutation/Poison         3
   d - Ice Form                       Ice/Transmutation            4
   e - Blade Hands                    Transmutation                5
Comestibles
 d - 3 bread rations
 h - 2 meat rations
 p - a royal jelly


   Skills:
 + Level 1.9 Fighting
 + Level 1.0 Armour
 + Level 1.9 Dodging
 + Level 3.3 Unarmed Combat
 + Level 2.2 Spellcasting
 + Level 2.3 Transmutations


You couldn't memorise any spells.
You knew the following spells:

 Your Spells              Type           Power        Failure   Level  Hunger
a - Beastly Appendage     Tmut           #.....       24%         1    ##.....
b - Sticks to Snakes      Tmut           #.......     32%         2    ###....
s - Spider Form           Tmut/Pois      #.........   65%         3    ####...


Dungeon Overview and Level Annotations

Branches:
Dungeon (3/15)

Altars:
Trog
Zin


Innate Abilities, Weirdness & Mutations

You cannot wear boots.
((Your serpentine skin is tough. (AC +1)))
You have supernaturally acute eyesight. (SInv)
((Armour fits poorly on your strangely shaped body.))
((Your system is resistant to poisons. (rPois)))
((You cover ground very slowly.))
You have a slow metabolism.
You can spit poison.


Message History

The orc shouts!
The orc priest calls down the wrath of Beogh upon you.
Beogh smites you!
The orc moves out of view.
The orc wizard gestures at you while chanting.
The magic dart hits you!
The orc priest shouts!
You hear a shout!
An orc comes into view. It is wielding a dagger.
You barely miss the orc priest.
The orc priest hits you but does no damage.
The orc wizard hits you with a dagger.
You barely miss the orc wizard.
Your transformation is almost over.
The orc priest hits you with a dagger!
* * * LOW HITPOINT WARNING * * *
You hit the orc wizard.
The orc wizard is lightly wounded.
The orc wizard barely misses you.
The orc priest calls down the wrath of Beogh upon you.
Beogh smites you!
You die...

..# #. #.........
#...# #.#
##.####... #...#
#.# #....[... #...#
#.# ##....... #..
#.# #.###### ...
#.# #.# # .
#.###.#######.# #
....#.oo...>......#
#
....ooos..#########
# ....o###..# # ...
#..# # #..# #..#
#..# #..# #..#


You could see 2 orc priests, an orc wizard and 3 orcs.

Vanquished Creatures
  An adder zombie (D:3)
  3 leopard geckos
  An orc (D:2)
  2 giant cockroaches
  7 goblins
  8 hobgoblins
  6 bats
  3 frilled lizards
  5 kobolds
  6 rats
42 creatures vanquished.

Vanquished Creatures (collateral kills)
  A ball python (D:2)
1 creature vanquished.

Grand Total: 43 creatures vanquished

Notes
Turn   | Place    | Note
-------+----------+-------------------------------------------
     0 | D:1      | Agnarh the Naga Transmuter began the quest for the Orb.
     0 | D:1      | Reached XP level 1. HP: 18/18 MP: 3/3
   226 | D:1      | Reached XP level 2. HP: 21/25 MP: 3/5
   938 | D:1      | Learned a level 2 spell: Sticks to Snakes
  1393 | D:2      | Reached XP level 3. HP: 26/31 MP: 2/6
  1567 | D:2      | Found a bloodstained altar of Trog.
  1650 | D:2      | Learned a level 3 spell: Spider Form
  1839 | D:2      | Noticed an angel
  1840 | D:2      | Found a glowing silver altar of Zin.
  2386 | D:3      | Reached skill level 1 in Armour
  2474 | D:3      | Killed from afar by an orc priest

Skill      XL: |  1  2  3 |
---------------+----------+-----
Armour         | 1 |  1.0
Fighting       | |  1.9
Dodging        | |  1.9
Unarmed Combat | |  3.3
Spellcasting   | |  2.2
Transmutations | |  2.3

Action                   || total
-------------------------++-------
Melee: Unarmed           ||   169
       Headbutt          ||     8
       Punch             ||     1
 Cast: Beastly Appendage ||    14
       Spider Form       ||     1
       Sticks to Snakes  ||     1
  Use: Scroll            ||     8
 Stab: Sleeping          ||     4
  Eat: Chunk             ||     4
Armor: Robe              ||    57
       Skin              ||     1
Dodge: Dodged            ||   105
